 Dungeon Sprint DCSS version 0.28.0-43-g3370ac3207 (webtiles) character file.

Game seed: 11696451054910553361

3576 boopmooplesden the Warrior (level 9, -10/97 HPs)
             Began as a Minotaur Berserker on Mar 22, 2022.
             Was an Elder of Trog.
             Succumbed to a redback's poison
             ... in the Dungeon (Sprint I: "Red Sonja").
             The game lasted 00:02:09 (1844 turns).

boopmooplesden the Warrior (Minotaur Berserker)     Turns: 1844, Time: 00:02:10

Health: -10/97     AC: 16    Str: 22    XL:     9   Next: 84%
Magic:  8/8        EV: 10    Int:  4    God:    Trog [****..]
Gold:   128        SH:  0    Dex: 14    Spells: 8/8 levels left

rFire   . . .      SeeInvis .   l - +4 club
rCold   + . .      Faith    .   (no shield)
rNeg    . . .      Spirit   .   o - +2 plate armour {rC+}
rPois   .          Reflect  .   (helmet restricted)
rElec   .          Harm     .   (no cloak)
rCorr   .          Rampage  .   (no gloves)
Will    .....      NoTele   +   (no boots)
Stlth   ..........              (no amulet)
HPRegen 0.26/turn               (no ring)
MPRegen 0.11/turn               (no ring)

@: lethally poisoned (-10 -> -69), on berserk cooldown, slowed, very slow
A: horns 2, retaliatory headbutt
a: Renounce Religion, Berserk, Trog's Hand, Brothers in Arms


You were in the Dungeon.
You worshipped Trog.
Trog was greatly pleased with you.
You visited 1 branch You collected 648 gold pieces.
You spent 520 gold pieces at shops.

Inventory:

Hand Weapons
 a - a +0 falchion
 l - a +4 club (weapon)
Armour
 b - a +0 animal skin
 k - a +0 leather armour
 o - a +2 plate armour of cold resistance (worn)
Wands
 i - a wand of iceblast (2)
Scrolls
 h - 4 scrolls of blinking
 m - a scroll of identify {unknown}
 n - a scroll of enchant armour {unknown}
Potions
 c - 2 potions of curing
 d - a potion of heal wounds
 e - a potion of haste
 f - 2 potions of magic
 g - a potion of berserk rage
 j - 2 potions of attraction {unknown}


   Skills:
 + Level 15.4 Fighting
 + Level 13.3 Long Blades
 + Level 12.9 Maces & Flails
 + Level 10.1 Armour
 + Level 9.0 Dodging
 + Level 1.9 Stealth


You had 8 spell levels left.
You didn't know any spells.
Your spell library was empty.

Dungeon Overview and Level Annotations

Branches:
Dungeon (1/1)

Altars:
Cheibriados
Dithmenos
Elyvilon
Fedhas
Gozag
Hepliaklqana
Kikubaaqudgha
Makhleb
Nemelex Xobeh
Okawaru
Qazlal
Ru
Sif Muna
Trog
Uskayaw
Vehumet
Wu Jian
Xom
Yredelemnul
Zin
The Shining One
Jiyva
Lugonu

Shops:
D ?[


Innate Abilities, Weirdness & Mutations

You have a pair of horns on your head.
You reflexively headbutt those who attack you in melee.


Message History

You hit the redback.
The redback is almost dead.
The redback barely misses you. You furiously retaliate!
You headbutt the redback!
You kill the redback!
Trog accepts your kill.
You barely miss the redback.
The redback bites you but does no damage.
You hit the redback. You punch the redback.
The redback is moderately wounded.
The redback bites you. The redback bites you!
You hit the redback. Your headbutt misses the redback.
The redback is moderately wounded.
The redback bites you but does no damage.
You hit the redback. Your headbutt misses the redback.
The redback is moderately wounded.
The redback bites you.
You are poisoned.
The redback poisons you!
You sock the redback!
The redback is heavily wounded.
You feel extremely sick. The redback bites you!
You are lethally poisoned!
The redback poisons you! The redback bites you.
You hit the redback. Your headbutt misses the redback.
The redback is heavily wounded.
* * * LOW HITPOINT WARNING * * *
You feel extremely sick. The redback bites you.
* * * LOW HITPOINT WARNING * * *
You barely miss the redback. You headbutt the redback.
The redback is severely wounded.
* * * LOW HITPOINT WARNING * * *
You feel extremely sick. The redback bites you!
* * * LOW HITPOINT WARNING * * *
You barely miss the redback.
The redback is severely wounded.
You die...

').#..'..'..#)..#
#####'#__####...+
#...#.####§.#####
#..##.#≈≈§.§#.§#
##'#_.'§≈§§§'..#
†'..._#≈§≈.§#§.#
##_.#'##§#####'###
###+#:#....###.'$#
# ####'###(###@#
+.....'.∩##s#
###########§# #§#
+$# #§#


You could see a redback.

Vanquished Creatures
  2 centaur warriors (D)
  A deep troll (D)
  An oklob plant (D)
  2 kobold demonologists (D)
  A hornet (D)
  A slime creature (D)
  Sigmund (D)
  A yak (D)
  A redback (D)
  A floating eye (D)
  An ogre (D)
  A jelly (D)
  Ijyb (D)
15 creatures vanquished.

Vanquished Creatures (others)
  A gargoyle (D)
1 creature vanquished.

Grand Total: 16 creatures vanquished

Notes
Turn   | Place    | Note
-------+----------+-------------------------------------------
     0 | D        | boopmooplesden the Minotaur Berserker began the quest for
                  | the Orb.
     0 | D        | Reached XP level 1. HP: 19/19 MP: 0/0
     1 | D        | Noticed Ijyb
     8 | D        | Killed Ijyb
     9 | D        | Reached skill level 5 in Fighting
     9 | D        | Reached skill level 5 in Long Blades
     9 | D        | Reached XP level 2. HP: 29/29 MP: 1/1
    82 | D        | Noticed an ogre
    84 | D        | Killed an ogre
    85 | D        | Reached skill level 7 in Fighting
    85 | D        | Reached XP level 3. HP: 40/40 MP: 2/2
    85 | D        | Reached XP level 4. HP: 48/48 MP: 3/3
   307 | D        | Noticed Sigmund
   313 | D        | Killed Sigmund
   313 | D        | Reached ** piety under Trog
   314 | D        | Reached skill level 9 in Fighting
   314 | D        | Reached skill level 5 in Armour
   314 | D        | Reached XP level 5. HP: 58/58 MP: 4/4
   314 | D        | Reached XP level 6. HP: 66/66 MP: 5/5
   364 | D        | Found a burning altar of Makhleb.
   364 | D        | Found a viscous altar of Jiyva.
   364 | D        | Found a shimmering altar of Xom.
   364 | D        | Found a corrupted altar of Lugonu.
   364 | D        | Noticed a slime creature
   375 | D        | Killed a slime creature
   376 | D        | Reached skill level 10 in Fighting
   376 | D        | Reached skill level 10 in Long Blades
   376 | D        | Reached skill level 5 in Maces & Flails
   376 | D        | Reached skill level 5 in Dodging
   642 | D        | Noticed a kobold demonologist
   643 | D        | Noticed a kobold demonologist
   644 | D        | Noticed a floating eye
   651 | D        | Paralysed by a floating eye for 2 turns
   654 | D        | Killed a kobold demonologist
   655 | D        | Reached skill level 12 in Fighting
   655 | D        | Reached XP level 7. HP: 77/77 MP: 6/6
   655 | D        | Reached *** piety under Trog
   659 | D        | Killed a kobold demonologist
   660 | D        | Reached XP level 8. HP: 65/85 MP: 7/7
   670 | D        | Found an ornate altar of the Wu Jian Council.
   670 | D        | Found a shimmering blue altar of Sif Muna.
   672 | D        | Found a radiant altar of Vehumet.
   676 | D        | Reached skill level 13 in Fighting
   707 | D        | Found Kiruo's Magic Scroll Emporium.
   707 | D        | Found an ancient bone altar of Kikubaaqudgha.
   707 | D        | Found a hazy altar of Hepliaklqana.
   707 | D        | Found a stormy altar of Qazlal.
   707 | D        | Found a hide-covered altar of Uskayaw.
   707 | D        | Found a blossoming altar of Fedhas.
   707 | D        | Found a bloodstained altar of Trog.
   707 | D        | Found an iron altar of Okawaru.
   707 | D        | Found a basalt altar of Yredelemnul.
   707 | D        | Found a glowing golden altar of the Shining One.
   707 | D        | Found a snail-covered altar of Cheibriados.
   707 | D        | Found a sacrificial altar of Ru.
   707 | D        | Found a glowing silver altar of Zin.
   707 | D        | Found a shadowy altar of Dithmenos.
   707 | D        | Found a white marble altar of Elyvilon.
   708 | D        | Found an opulent altar of Gozag.
   716 | D        | Reached **** piety under Trog
   717 | D        | Found a sparkling altar of Nemelex Xobeh.
   835 | D        | Noticed a centaur warrior
   836 | D        | Noticed a centaur warrior
   845 | D        | Killed a centaur warrior
   846 | D        | Reached skill level 14 in Fighting
   846 | D        | Reached skill level 10 in Maces & Flails
   849 | D        | Killed a centaur warrior
   850 | D        | Reached skill level 1 in Stealth
   850 | D        | Reached XP level 9. HP: 15/96 MP: 8/8
  1153 | D        | Killed a gargoyle
  1172 | D        | Paralysed by a hornet for 1 turns
  1406 | D        | Noticed a deep troll
  1413 | D        | Killed a deep troll
  1414 | D        | Reached skill level 15 in Fighting
  1425 | D        | Found Inwyziwk's Armour Emporium.
  1430 | D        | Bought a +2 plate armour of cold resistance for 520 gold
                  | pieces
  1821 | D        | Noticed an oklob plant
  1829 | D        | Killed an oklob plant
  1830 | D        | Reached skill level 10 in Armour
  1843 | D        | HP: 1/97 [redback (11)]
  1844 | D        | Succumbed to a redback's poison

Illustrated notes

Levels and vault maps discovered:
D:        dungeon_sprint_1 [red_sonja_temple_1, red_sonja_temple_small_1]

Skill      XL: |  1  2  3  4  5  6  7  8  9 |
---------------+----------------------------+-----
Fighting       | 5 7 9 12 14 15 | 15.4
Long Blades    | 5 7 9 11 13 | 13.3
Armour         | 3 4 5 7 9 10 | 10.1
Dodging        | 3 4 6 8 9 |  9.0
Maces & Flails | 2 6 7 11 12 | 12.9
Stealth        | 1 |  1.9

Action                   |  1- 3 |  4- 6 |  7- 9 || total
-------------------------+-------+-------+-------++-------
Melee: Falchion          |     6 |       |       ||     6
       Club              |     2 |    21 |    52 ||    75
       Headbutt          |     1 |     1 |    17 ||    19
       Punch             |       |       |     3 ||     3
Invok: Berserk           |     2 |     3 |     4 ||     9
Armor: Leather armour    |       |       |    11 ||    11
       Plate armour      |       |       |     3 ||     3
Dodge: Dodged            |     4 |     8 |    21 ||    33
